 Dungeon Crawl Stone Soup version 0.27.1-4-g1640c2035a (webtiles) character file.

Game seed: 8261471515133507395

5085 unlimited1921 the Ducker (level 10, 0/76 HPs)
             Began as a Gnoll Arcane Marksman on Nov 12, 2021.
             Was an Initiate of Gozag.
             Slain by a death yak (22 damage)
             ... on level 8 of the Dungeon.
             The game lasted 01:28:17 (14982 turns).

unlimited1921 the Ducker (Gnoll Arcane Marksman)   Turns: 14982, Time: 01:28:21

Health: 0/76       AC:  9    Str:  9    XL:     10   Next: 57%
Magic:  0/19       EV: 19    Int: 12    God:    Gozag
Gold:   487        SH:  0    Dex: 15    Spells: 4/21 levels left

rFire    + + +     SeeInvis .   a - +0 hand crossbow (flame)
rCold    + . .     Faith    .   (no shield)
rNeg     . . .     Spirit   +   V - +0 steam dragon scales
rPois    .         Reflect  .   C - +0 helmet
rElec    +         Harm     .   (no cloak)
rCorr    .         Rampage  .   K - +0 pair of gloves
Will     .....                  l - +0 pair of boots
Stlth    +++.......             s - amulet of guardian spirit
HPRegen  0.22/turn              o - +4 ring of evasion
MPRegen  0.16/turn              S - ring of Xom's Sleight of Hands {*Slow rElec rF+++ rC+ Str-2}

@: no status effects
A: fangs 1, strong nose, distributed training
a: Renounce Religion, Potion Petition, Call Merchant, Bribe Branch


You were on level 8 of the Dungeon.
You worshipped Gozag.
Gozag was aware of your devotion.
You visited 1 branch of the dungeon, and saw 9 of its levels.

You collected 1227 gold pieces.
You spent 658 gold pieces at shops.
You paid 82 gold pieces to Gozag.

Inventory:

Hand Weapons
 a - a +0 hand crossbow of flaming (weapon)
 q - the +9 battleaxe "Udghobb" {venom, Dex+4}
   (You acquired it on level 3 of the Dungeon)

   It poisons the flesh of those it strikes.
   Dex:       It affects your dexterity (+4).
 r - a +0 shortbow
 y - a +0 dagger of protection
 R - a +3 scimitar of freezing
 U - a +2 short sword of electrocution
Missiles
 c - 2 bolts (quivered ammo)
 m - 89 arrows
 v - a throwing net
 w - 9 poisoned darts
Armour
 b - a +0 leather armour
 l - a +0 pair of boots (worn)
 C - a +0 helmet (worn)
 D - a +0 ring mail
 I - a +0 scale mail
 K - a +0 pair of gloves (worn)
 P - a +0 plate armour
 V - +0 steam dragon scales (worn)
Magical Staves
 u - a staff of conjuration
Jewellery
 o - a +4 ring of evasion (left hand)
 s - an amulet of guardian spirit (around neck)
 G - a ring of see invisible
 S - the ring of Xom's Sleight of Hands (right hand) {*Slow rElec rF+++ rC+ Str-2}
   (You found it on level 7 of the Dungeon)

   [ring of protection from cold]

   Str:       It affects your strength (-2).
   rF:        It renders you almost immune to fire.
   rC:        It protects you from cold.
   rElec:     It insulates you from electricity.
   *Slow:     It may slow you when you take damage.
 Y - a ring of protection from fire
Wands
 A - a wand of digging (4)
 W - a wand of flame (24) (quivered)
Scrolls
 f - 2 scrolls of magic mapping
 h - a scroll of torment {unknown}
 i - 2 scrolls of fear
 n - a scroll of teleportation
 x - a scroll of enchant weapon {unknown}
 E - a scroll of holy word {unknown}
 H - 2 scrolls of fog
 N - 2 scrolls of immolation
 O - 3 scrolls of enchant armour
 X - 2 scrolls of amnesia {unknown}
Potions
 d - 2 potions of lignification
 g - 2 potions of heal wounds
 j - 2 potions of might
 p - 4 potions of curing
 t - a potion of degeneration {unknown}
 B - a potion of brilliance
 L - a potion of resistance
 T - a potion of haste {unknown}
 Z - a potion of flight {unknown}


   Skills:
 + Level 6.0 Fighting
 + Level 5.4 Short Blades
 + Level 5.4 Long Blades
 + Level 5.4 Axes
 + Level 5.4 Maces & Flails
 + Level 5.4 Polearms
 + Level 5.4 Staves
 + Level 5.4 Slings
 + Level 5.4 Bows
 + Level 7.2 Crossbows
 + Level 5.4 Throwing
 + Level 5.4 Armour
 + Level 7.2 Dodging
 + Level 5.4 Stealth
 + Level 5.4 Shields
 + Level 5.4 Unarmed Combat
 + Level 6.1 Spellcasting
 + Level 4.4 Conjurations
 + Level 7.1 Hexes
 + Level 4.4 Summonings
 + Level 4.4 Necromancy
 + Level 4.4 Translocations
 + Level 4.4 Transmutations
 + Level 4.4 Fire Magic
 + Level 4.4 Ice Magic
 + Level 4.4 Air Magic
 + Level 4.4 Earth Magic
 + Level 4.4 Poison Magic
 + Level 5.9 Invocations
 + Level 5.4 Evocations


You had 4 spell levels left.
You knew the following spells:

 Your Spells              Type           Power      Damage    Failure   Level
a - Corona                Hex            22%        N/A       1%          1
b - Slow                  Hex            20%        N/A       1%          2
c - Foxfire               Conj/Fire      56%        2x1d6     2%          1
d - Inner Flame           Hex/Fire       17%        N/A       4%          3
e - Portal Projectile     Hex/Tloc       34%        N/A       4%          3
f - Stone Arrow           Conj/Erth      28%        3d8       9%          3
g - Cause Fear            Hex            10%        N/A       10%         4

Your spell library contained the following spells:

 Spells                   Type           Power      Damage    Failure   Level
 Magic Dart               Conj           56%        1d5       2%          1
 Pain                     Necr           56%        1d6       2%          1
 Searing Ray              Conj           28%        3d4       4%          2
 Conjure Flame            Conj/Fire      14%        6-21      9%          3
 Fulminant Prism          Conj/Hex       8%         3d7       16%         4
 Summon Ice Beast         Ice/Summ       14%        N/A       28%         4
 Summon Mana Viper        Hex/Summ       17%        N/A       41%         5
 Agony                    Necr           14%        N/A       61%         5
 Blade Hands              Tmut           7%         N/A       61%         5
 Bolt of Magma            Conj/Fire/Erth 7%         4d6       61%         5
 Excruciating Wounds      Necr           7%         N/A       61%         5
 Freezing Cloud           Conj/Ice/Air   7%         6-21      61%         5
 Irradiate                Conj/Tmut      7%         3d16      61%         5
 Simulacrum               Ice/Necr       7%         N/A       99%         6
 Dragon Form              Tmut           7%         N/A       100%        7
 Monstrous Menagerie      Summ           7%         N/A       100%        7
 Polar Vortex             Ice            7%         N/A       100%        9
 Shatter                  Erth           7%         3d9*      100%        9


Dungeon Overview and Level Annotations

Branches:
Dungeon (9/15)             Temple (0/1) D:5
   Lair: D:8-11         Orc: D:9-12

Altars:
Ashenzari
Dithmenos
Fedhas
Gozag
Hepliaklqana
Kikubaaqudgha
Qazlal
Ru

Shops:
D:3 ?


Innate Abilities, Weirdness & Mutations

You have very sharp teeth.
Your uncanny sense of smell can sniff out nearby items.
Your experience applies equally to all skills.


Message History

Press: ? - help, Shift-Dir - straight line, f/p - death yak
Aim: a death yak (lightly wounded, inner flame, chance to affect: 4%)
The death yak resists with almost no effort.
The death yak gores you!!
You shoot a bolt. The bolt hits the death yak.
Flame seeps out of the death yak.
The bolt burns the death yak.
Flame seeps out of the death yak.
The death yak is lightly wounded.
The death yak is engulfed in blazing flames.
Flame seeps out of the death yak.
The death yak barely misses you.
The death yak is engulfed in blazing flames.
Flame seeps out of the death yak.
There is a stone staircase leading up, spattered with blood here.
You shoot a bolt.
The bolt hits the death yak but does no damage.
The death yak is moderately wounded.
The death yak's inner flame fades away.
The death yak gores you!
Unknown command.
Unknown command.
Okay, then.
Casting: Slow (safe; 1% risk of failure)
Confirm with . or Enter, or press ? or * to list all spells.
Aiming: Slow (safe; 1% risk of failure)
Press: ? - help, Shift-Dir - straight line, f/p - death yak
Aim: a death yak (moderately wounded, chance to affect: 4%)
The death yak resists with almost no effort.
The death yak gores you! The death yak gores you.
* * * LOW HITPOINT WARNING * * *
The death yak is no longer moving slowly.
Casting: Slow (safe; 1% risk of failure)
Confirm with . or Enter, or press ? or * to list all spells.
Aiming: Slow (safe; 1% risk of failure)
Press: ? - help, Shift-Dir - straight line, f/p - death yak
Aim: a death yak (lightly wounded, chance to affect: 4%)
The death yak resists with almost no effort.
The death yak gores you!!
You die...
Your body crumbles into a pile of gold.

###.......## ##.....##.#
####.....##
###..#..#.###
###....####.......#.#.#
###
####........Y.#######Y.#
#.######.......Y..####
#..# #...........<..####
##<#. ####...........#
##..#. #########..Y#
##.(..> ##.@# ##..####
#(.# ##...# #..# ##..###
##(## ##..## ##(.#
##..## #...# ##..##
###>[.###..##
####..<.......#
#####...[..##....##


You could see 2 death yaks.

Vanquished Creatures
  A death yak (D:8)
  Pikel (D:7)
  Maggie (D:8)
  A troll (D:8)
  A wyvern (D:4)
  5 yaks
  A black bear (D:6)
  An ice beast (D:5)
  A necrophage (D:8)
  An ogre (D:6)
  2 centaurs
  A lemure (D:7)
  2 kobold brigands (D:9)
  A bullfrog (D:7)
  A scorpion (D:6)
  A water moccasin zombie (D:5)
  3 wyvern skeletons
  12 killer bees (D:8)
  8 wights
  2 howler monkeys (D:8)
  2 bullfrog zombies (D:5)
  3 centaur zombies
  2 centaur skeletons
  6 hounds
  An orc priest (D:5)
  Ijyb (D:4)
  An iguana (D:4)
  2 orc wizards
  A howler monkey zombie (D:8)
  Robin (D:4)
  4 adders
  6 gnolls
  A howler monkey skeleton (D:6)
  A white imp (D:7)
  3 worms
  3 dart slugs
  19 orcs
  5 endoplasms
  2 giant cockroaches
  13 goblins
  9 hobgoblins
  6 jackals (D:4)
  A quokka (D:5)
  4 ball pythons (D:1)
  4 bats
  7 frilled lizards
  13 kobolds
  6 rats
174 creatures vanquished.

Vanquished Creatures (others)
  31 foxfires
31 creatures vanquished.

Grand Total: 205 creatures vanquished

Notes
Turn   | Place    | Note
-------+----------+-------------------------------------------
     0 | D:1      | unlimited1921 the Gnoll Arcane Marksman began the quest for
                  | the Orb.
     0 | D:1      | Reached XP level 1. HP: 17/17 MP: 4/4
   803 | D:1      | Reached XP level 2. HP: 23/23 MP: 3/5
   846 | D:1      | Learned a level 2 spell: Slow
  2361 | D:2      | Reached XP level 3. HP: 28/28 MP: 4/7
  2853 | D:2      | Reached skill level 1 in Invocations
  3104 | D:2      | Learned a level 1 spell: Foxfire
  3108 | D:2      | Learned a level 3 spell: Inner Flame
  3155 | D:2      | Reached skill level 1 in Short Blades
  3155 | D:2      | Reached skill level 1 in Long Blades
  3155 | D:2      | Reached skill level 1 in Axes
  3155 | D:2      | Reached skill level 1 in Maces & Flails
  3155 | D:2      | Reached skill level 1 in Polearms
  3155 | D:2      | Reached skill level 1 in Staves
  3155 | D:2      | Reached skill level 1 in Slings
  3155 | D:2      | Reached skill level 1 in Bows
  3155 | D:2      | Reached skill level 1 in Throwing
  3155 | D:2      | Reached skill level 1 in Armour
  3155 | D:2      | Reached skill level 1 in Stealth
  3155 | D:2      | Reached skill level 1 in Shields
  3155 | D:2      | Reached skill level 1 in Unarmed Combat
  3155 | D:2      | Reached skill level 1 in Evocations
  3566 | D:2      | Reached XP level 4. HP: 32/34 MP: 8/8
  4034 | D:3      | Found Makascho's Magic Scroll Emporium.
  4055 | D:3      | Reached skill level 1 in Conjurations
  4055 | D:3      | Reached skill level 1 in Summonings
  4055 | D:3      | Reached skill level 1 in Necromancy
  4055 | D:3      | Reached skill level 1 in Translocations
  4055 | D:3      | Reached skill level 1 in Transmutations
  4055 | D:3      | Reached skill level 1 in Fire Magic
  4055 | D:3      | Reached skill level 1 in Ice Magic
  4055 | D:3      | Reached skill level 1 in Air Magic
  4055 | D:3      | Reached skill level 1 in Earth Magic
  4055 | D:3      | Reached skill level 1 in Poison Magic
  4550 | D:3      | Bought a scroll of identify for 28 gold pieces
  4550 | D:3      | Bought a scroll of identify for 28 gold pieces
  4551 | D:3      | Identified a scroll of acquirement
  4553 | D:3      | Acquired the +9 battleaxe "Udghobb" {venom, Dex+4}
  4589 | D:3      | Reached XP level 5. HP: 38/40 MP: 9/9
  5312 | D:4      | Noticed Ijyb
  5313 | D:4      | Noticed Robin
  5345 | D:4      | Killed Robin
  5345 | D:4      | Killed Ijyb
  5377 | D:4      | Reached XP level 6. HP: 34/47 MP: 10/10
  5909 | D:4      | Found an opulent altar of Gozag.
  5909 | D:4      | Found a sacrificial altar of Ru.
  5918 | D:4      | Found a blossoming altar of Fedhas.
  5921 | D:4      | Found an ancient bone altar of Kikubaaqudgha.
  5924 | D:4      | Found a hazy altar of Hepliaklqana.
  5931 | D:4      | Became a worshipper of Gozag Ym Sagoz the Greedy
  6152 | D:4      | Reached skill level 5 in Crossbows
  6152 | D:4      | Reached skill level 5 in Dodging
  6234 | D:4      | Noticed a wyvern
  6240 | D:4      | Killed a wyvern
  6241 | D:4      | Reached XP level 7. HP: 44/52 MP: 12/12
  6780 | D:5      | Entered Level 5 of the Dungeon
  6799 | D:5      | Found a shadowy altar of Dithmenos.
  7196 | D:5      | Learned a level 3 spell: Portal Projectile
  7479 | D:5      | Reached XP level 8. HP: 36/60 MP: 9/14
  8136 | D:5      | Found a staircase to the Ecumenical Temple.
  8901 | D:6      | Found a glowing drain.
  9704 | D:6      | Found a broken altar of Ashenzari.
  9744 | D:7      | Noticed Pikel
  9761 | D:7      | Killed Pikel
  9762 | D:7      | Reached XP level 9. HP: 39/66 MP: 9/16
 10627 | D:7      | Reached skill level 5 in Spellcasting
 11042 | D:7      | Identified the ring of Xom's Sleight of Hands {*Slow rElec
                  | rF+++ rC+ Str-2}
 11228 | D:8      | Reached skill level 5 in Fighting
 11401 | D:8      | Noticed Maggie
 11419 | D:8      | Killed Maggie
 11848 | D:8      | Learned a level 3 spell: Stone Arrow
 11853 | D:8      | Learned a level 4 spell: Cause Fear
 11993 | D:8      | Reached skill level 5 in Invocations
 12351 | D:8      | Found a stormy altar of Qazlal.
 12354 | D:8      | Noticed a troll
 12369 | D:8      | Killed a troll
 12370 | D:8      | Reached XP level 10. HP: 58/74 MP: 6/18
 12767 | D:3      | Bought a scroll of enchant armour for 105 gold pieces
 12767 | D:3      | Bought a scroll of fear for 49 gold pieces
 12767 | D:3      | Bought a scroll of brand weapon for 280 gold pieces
 12767 | D:3      | Bought a scroll of teleportation for 42 gold pieces
 12823 | D:3      | Bought a scroll of fog for 28 gold pieces
 12823 | D:3      | Bought a scroll of fear for 49 gold pieces
 12823 | D:3      | Bought a scroll of magic mapping for 49 gold pieces
 13157 | D:9      | Reached skill level 5 in Short Blades
 13157 | D:9      | Reached skill level 5 in Long Blades
 13157 | D:9      | Reached skill level 5 in Axes
 13157 | D:9      | Reached skill level 5 in Maces & Flails
 13157 | D:9      | Reached skill level 5 in Polearms
 13157 | D:9      | Reached skill level 5 in Staves
 13157 | D:9      | Reached skill level 5 in Slings
 13157 | D:9      | Reached skill level 5 in Bows
 13157 | D:9      | Reached skill level 5 in Throwing
 13157 | D:9      | Reached skill level 5 in Armour
 13157 | D:9      | Reached skill level 5 in Stealth
 13157 | D:9      | Reached skill level 5 in Shields
 13157 | D:9      | Reached skill level 5 in Unarmed Combat
 13157 | D:9      | Reached skill level 5 in Evocations
 13818 | D:9      | Noticed a death yak
 13819 | D:9      | Noticed a death yak
 13823 | D:9      | Noticed a death yak
 14151 | D:8      | Killed a death yak
 14982 | D:8      | Slain by a death yak

Illustrated notes

Levels and vault maps discovered:
D:1:      wander_arrival_chamber, layout_basic, serial_co_window_serial,
          co_window_of_opportunity_a, co_window_paths_a, co_window_paths_a,
          co_window_paths_a, co_window_paths_b, co_window_corner_a,
          co_window_paths_a, co_window_corner_cb, co_window_corner_b,
          co_window_of_opportunity_b, glass_columns_c,
          chequers_serial_rivers_room_b, minivault_24
D:2:      layout_basic
D:3:      layout_rooms, serial_shops, shop_statue
D:4:      layout_loops_cross, chequers_temple_overflow_minitemple,
          minmay_fountain_box, uniq_robin, uniq_ijyb
D:5:      layout_loops_ring, grunt_dithmenos_smoke_and_mirrors,
          minmay_temple_entry_junction
D:6:      layout_loops_ring, mainiacjoe_overflow_24_doors,
          cheibrodos_sewer_entry_drain
D:7:      layout_basic, uniq_pikel
D:8:      layout_layer_cave, amcnicky_altar_gilded, uniq_maggie
D:9:      layout_long_grid, dpeg_lair_monsters, serial_shops,
          nicolae_shop_competitors_out_of_business, nicolae_shop_waterfront,
          kennysheep_generic_room_8

Skill      XL: |  1  2  3  4  5  6  7  8  9 10 |
---------------+-------------------------------+-----
Invocations    | 1 2 3 4 5 |  5.9
Short Blades   | 1 2 3 4 5 |  5.4
Long Blades    | 1 2 3 4 5 |  5.4
Axes           | 1 2 3 4 5 |  5.4
Maces & Flails | 1 2 3 4 5 |  5.4
Polearms       | 1 2 3 4 5 |  5.4
Staves         | 1 2 3 4 5 |  5.4
Slings         | 1 2 3 4 5 |  5.4
Bows           | 1 2 3 4 5 |  5.4
Throwing       | 1 2 3 4 5 |  5.4
Armour         | 1 2 3 4 5 |  5.4
Stealth        | 1 2 3 4 5 |  5.4
Shields        | 1 2 3 4 5 |  5.4
Unarmed Combat | 1 2 3 4 5 |  5.4
Evocations     | 1 2 3 4 5 |  5.4
Spellcasting   | 3 4 5 6 |  6.1
Conjurations   | 1 2 3 4 |  4.4
Summonings     | 1 2 3 4 |  4.4
Necromancy     | 1 2 3 4 |  4.4
Translocations | 1 2 3 4 |  4.4
Transmutations | 1 2 3 4 |  4.4
Fire Magic     | 1 2 3 4 |  4.4
Ice Magic      | 1 2 3 4 |  4.4
Air Magic      | 1 2 3 4 |  4.4
Earth Magic    | 1 2 3 4 |  4.4
Poison Magic   | 1 2 3 4 |  4.4
Fighting       | 3 4 5 6 |  6.0
Crossbows      | 5 6 7 |  7.2
Dodging        | 5 6 7 |  7.2
Hexes          | 6 7 |  7.1

Action                   |  1- 3 |  4- 6 |  7- 9 | 10-12 || total
-------------------------+-------+-------+-------+-------++-------
Melee: Spear             |    10 |       |       |       ||    10
       Flail             |     4 |     1 |       |       ||     5
       Bite              |     1 |     6 |    23 |     2 ||    32
       Battleaxe         |       |    83 |   180 |     7 ||   270
       Unarmed           |       |    10 |       |       ||    10
 Fire: Hand crossbow     |    62 |       |       |    47 ||   109
       Shortbow          |       |    13 |       |       ||    13
Throw: Stone             |     1 |       |       |       ||     1
       Throwing net      |       |       |     1 |       ||     1
 Cast: Corona            |    29 |     5 |     9 |       ||    43
       Foxfire           |     6 |    12 |       |       ||    18
       Slow              |     6 |     1 |    11 |    10 ||    28
       Inner Flame       |       |       |     5 |    25 ||    30
       Portal Projectile |       |       |       |     2 ||     2
Evoke: Wand              |       |       |       |     1 ||     1
  Use: Scroll            |       |     4 |     5 |     5 ||    14
       Potion            |       |     2 |       |     1 ||     3
 Stab: Distracted        |       |       |     1 |       ||     1
Armor: Leather armour    |    13 |     8 |       |       ||    21
       Skin              |       |     2 |       |       ||     2
       Ring mail         |       |     1 |    17 |       ||    18
       Scale mail        |       |       |    42 |       ||    42
       Steam dragon scal |       |       |     4 |     8 ||    12
       Plate armour      |       |       |     4 |       ||     4
Dodge: Dodged            |    47 |   108 |   189 |    39 ||   383
